| TOP OF THE 1ST |
|
Atlanta Braves batting - Pitching for Los Angeles Dodgers : RHP Nick Williams
|
|
Pitching: RHP Nick Williams
|
|
|
Batting: SHB UL Washington
|
0-0: Bunt for hit to 13S - play at first, batter OUT! 1-3
|
|
Batting: RHB Gil Flores
|
0-0: Called Strike 0-1: Fly out, F3 (Popup, 3SF, EV 65.6 MPH)
|
|
Batting: LHB Joe L Morgan
|
0-0: Swinging Strike 0-1: Ball 1-1: Foul Ball, location: 2F 1-2: Ball 2-2: Fly out, F7 (Flyball, 7S, EV 94.4 MPH)
|
| Top of the 1st over - 0 runs, 0 hits, 0 errors, 0 left on base; Atlanta 0 - Los Angeles 0 |
| BOTTOM OF THE 1ST |
|
Los Angeles Dodgers batting - Pitching for Atlanta Braves : RHP Alan Knicely
|
|
Pitching: RHP Alan Knicely
|
|
|
Batting: RHB Billy Sample
|
0-0: Called Strike 0-1: Ball 1-1: Fly out, F7 (Flyball, 78XD, EV 96.9 MPH)
|
|
Batting: RHB Carney Lansford
|
0-0: Fly out, F6 (Flyball, 56D, EV 93.1 MPH)
|
|
Batting: RHB Jerry Keller
|
0-0: Called Strike 0-1: Fly out, F9 (Flyball, 89XD, EV 102.5 MPH)
|
| Bottom of the 1st over - 0 runs, 0 hits, 0 errors, 0 left on base; Atlanta 0 - Los Angeles 0 |
| TOP OF THE 2ND |
|
Atlanta Braves batting - Pitching for Los Angeles Dodgers : RHP Nick Williams
|
|
Batting: LHB Bobby Murcer
|
0-0: SOLO HOME RUN (Flyball, 89XD, EV 95.6 MPH), Distance : 438 ft
|
|
Batting: RHB John Freitas
|
0-0: Ball 1-0: Called Strike 1-1: Swinging Strike 1-2: Strikes out swinging
|
|
Batting: LHB Matt Winters
|
0-0: Foul Ball, location: 2F 0-1: Ball 1-1: Ball 2-1: Ground out 4-3 (Groundball, 4, EV 82.5 MPH)
|
|
Batting: RHB Adam Suman
|
0-0: Ball 1-0: Ball 2-0: Ball 3-0: Called Strike 3-1: Fly out, F7 (Flyball, 78D, EV 96.3 MPH)
|
| Top of the 2nd over - 1 run, 1 hit, 0 errors, 0 left on base; Atlanta 1 - Los Angeles 0 |
| BOTTOM OF THE 2ND |
|
Los Angeles Dodgers batting - Pitching for Atlanta Braves : RHP Alan Knicely
|
|
Batting: RHB Dick Davis
|
0-0: Ball 1-0: Foul Ball, location: 2F 1-1: Ball 2-1: Ball 3-1: SINGLE (Groundball, 34S, EV 75.0 MPH) (infield hit)
|
|
Batting: RHB Barry Evans
|
0-0: Called Strike 0-1: Fly out, F7 (Flyball, 7LM, EV 83.1 MPH)
|
|
Batting: LHB Darren Daulton
|
0-0: Ball 1-0: Ball 2-0: Called Strike 2-1: Ball 3-1: Fly out, F4 (Flyball, 4MD, EV 91.9 MPH)
|
|
Batting: SHB Spike Owen
|
0-0: Ball 1-0: Called Strike 1-1: Fly out, F8 (Flyball, 8LD, EV 94.4 MPH)
|
| Bottom of the 2nd over - 0 runs, 1 hit, 0 errors, 1 left on base; Atlanta 1 - Los Angeles 0 |
| TOP OF THE 3RD |
|
Atlanta Braves batting - Pitching for Los Angeles Dodgers : RHP Nick Williams
|
|
Batting: RHB Guy Sularz
|
0-0: Ball 1-0: Fly out, F8 (Flyball, 8LD, EV 86.9 MPH)
|
|
Batting: RHB Alan Knicely
|
0-0: Ball 1-0: Ball 2-0: Foul Ball, location: 2F 2-1: Foul Ball, location: 2F 2-2: Ball 3-2: Strikes out swinging
|
|
Batting: SHB UL Washington
|
0-0: Fly out, F9 (Flyball, 9, EV 87.5 MPH)
|
| Top of the 3rd over - 0 runs, 0 hits, 0 errors, 0 left on base; Atlanta 1 - Los Angeles 0 |
| BOTTOM OF THE 3RD |
|
Los Angeles Dodgers batting - Pitching for Atlanta Braves : RHP Alan Knicely
|
|
Batting: RHB Roberto Reyes
|
0-0: Swinging Strike 0-1: Ground out 5-3 (Groundball, 56S, EV 78.8 MPH)
|
|
Batting: RHB Nick Williams
|
0-0: Ball 1-0: Ball 2-0: Fly out, F6 (Line Drive, 6, EV 71.3 MPH)
|
|
Batting: RHB Billy Sample
|
0-0: Ball 1-0: Fly out, F4 (Flyball, 3D, EV 89.4 MPH)
|
| Bottom of the 3rd over - 0 runs, 0 hits, 0 errors, 0 left on base; Atlanta 1 - Los Angeles 0 |
| TOP OF THE 4TH |
|
Atlanta Braves batting - Pitching for Los Angeles Dodgers : RHP Nick Williams
|
|
Batting: RHB Gil Flores
|
0-0: Ball 1-0: Ball 2-0: Ball 3-0: Base on Balls
|
|
Batting: LHB Joe L Morgan
|
0-0: Called Strike 0-1: Ball 1-1: Ball 2-1: Ball 3-1: Base on Balls Gil Flores to second
|
|
Batting: LHB Bobby Murcer
|
0-0: Called Strike 0-1: Foul Ball, location: 2F 0-2: Foul Ball, location: 2F 0-2: Ball 1-2: Foul Ball, location: 2F 1-2: Fly out, F5 (Flyball, 5D, EV 84.4 MPH)
|
|
Batting: RHB John Freitas
|
0-0: Foul Ball, location: 2F 0-1: Ball 1-1: Called Strike 1-2: SINGLE (Groundball, P, EV 82.5 MPH) (infield hit) Gil Flores to third Joe L Morgan to second
|
|
Batting: LHB Matt Winters
|
0-0: Foul Ball, location: 2F 0-1: Foul Ball, location: 2F 0-2: Foul Ball, location: 2F 0-2: Ball 1-2: Strikes out swinging
|
|
Batting: RHB Adam Suman
|
0-0: Ball 1-0: Called Strike 1-1: Foul Ball, location: 2F 1-2: Ball 2-2: Foul Ball, location: 2F 2-2: Fly out, F3 (Popup, 3, EV 80.6 MPH)
|
| Top of the 4th over - 0 runs, 1 hit, 0 errors, 3 left on base; Atlanta 1 - Los Angeles 0 |
| BOTTOM OF THE 4TH |
|
Los Angeles Dodgers batting - Pitching for Atlanta Braves : RHP Alan Knicely
|
|
Batting: RHB Carney Lansford
|
0-0: SINGLE (Groundball, 56S, EV 71.9 MPH) (infield hit)
|
|
Batting: RHB Jerry Keller
|
0-0: Called Strike 0-1: Ground out 6-3 (Groundball, 6S, EV 72.5 MPH) Carney Lansford to second
|
|
Batting: RHB Dick Davis
|
0-0: Ball 1-0: Foul Ball, location: 2F 1-1: Ground out 5-3 (Groundball, 56, EV 105.0 MPH)
|
|
Batting: RHB Barry Evans
|
0-0: Ball 1-0: Ball 2-0: Called Strike 2-1: Called Strike 2-2: Ball 3-2: Strikes out swinging
|
| Bottom of the 4th over - 0 runs, 1 hit, 0 errors, 1 left on base; Atlanta 1 - Los Angeles 0 |
| TOP OF THE 5TH |
|
Atlanta Braves batting - Pitching for Los Angeles Dodgers : RHP Nick Williams
|
|
Batting: RHB Guy Sularz
|
0-0: Ball 1-0: Ball 2-0: SINGLE (Line Drive, 56D, EV 97.5 MPH)
|
|
Batting: RHB Alan Knicely
|
0-0: Bunted foul 0-1: Ball 1-1: Bunt missed! 1-2: Bunted foul, Strikeout!
|
|
Batting: SHB UL Washington
|
0-0: Ball 1-0: Fly out, F9 (Line Drive, 9D, EV 93.1 MPH)
|
|
Batting: RHB Gil Flores
|
0-0: Foul Ball, location: 2F 0-1: Ball 1-1: Ball 2-1: Foul Ball, location: 2F 2-2: Ball 3-2: Ground out 6-3 (Groundball, 6, EV 99.4 MPH)
|
| Top of the 5th over - 0 runs, 1 hit, 0 errors, 1 left on base; Atlanta 1 - Los Angeles 0 |
| BOTTOM OF THE 5TH |
|
Los Angeles Dodgers batting - Pitching for Atlanta Braves : RHP Alan Knicely
|
|
Batting: LHB Darren Daulton
|
0-0: Ground out 4-3 (Groundball, 4, EV 92.5 MPH)
|
|
Batting: SHB Spike Owen
|
0-0: Swinging Strike 0-1: Ball 1-1: Ground out 4-3 (Groundball, 34D, EV 104.4 MPH)
|
|
Batting: RHB Roberto Reyes
|
0-0: Ball 1-0: Ball 2-0: Foul Ball, location: 2F 2-1: Called Strike 2-2: Ball 3-2: Fly out, F8 (Flyball, 8LM, EV 85.6 MPH)
|
| Bottom of the 5th over - 0 runs, 0 hits, 0 errors, 0 left on base; Atlanta 1 - Los Angeles 0 |
| TOP OF THE 6TH |
|
Atlanta Braves batting - Pitching for Los Angeles Dodgers : RHP Nick Williams
|
|
Batting: LHB Joe L Morgan
|
0-0: Ball 1-0: Called Strike 1-1: Foul Ball, location: 2F 1-2: Ball 2-2: Ball 3-2: Ground out 4-3 (Groundball, 4M, EV 83.1 MPH)
|
|
Batting: LHB Bobby Murcer
|
0-0: Ball 1-0: SINGLE (Groundball, 34D, EV 95.6 MPH)
|
|
Batting: RHB John Freitas
|
0-0: Called Strike 0-1: Ball 1-1: Grounds into double play, 6-4-3 (Groundball, 56, EV 110.6 MPH)
|
| Top of the 6th over - 0 runs, 1 hit, 0 errors, 0 left on base; Atlanta 1 - Los Angeles 0 |
| BOTTOM OF THE 6TH |
|
Los Angeles Dodgers batting - Pitching for Atlanta Braves : RHP Alan Knicely
|
|
Batting: RHB Nick Williams
|
0-0: Foul Ball, location: 2F 0-1: Fly out, F4 (Line Drive, 4, EV 64.4 MPH)
|
|
Batting: RHB Billy Sample
|
0-0: Called Strike 0-1: Called Strike 0-2: Foul Ball, location: 2F 0-2: Ball 1-2: Strikes out swinging
|
|
Batting: RHB Carney Lansford
|
0-0: Ball 1-0: Foul Ball, location: 2F 1-1: Ground out 6-3 (Groundball, 6S, EV 77.5 MPH)
|
| Bottom of the 6th over - 0 runs, 0 hits, 0 errors, 0 left on base; Atlanta 1 - Los Angeles 0 |
| TOP OF THE 7TH |
|
Atlanta Braves batting - Pitching for Los Angeles Dodgers : RHP Nick Williams
|
|
Batting: LHB Matt Winters
|
0-0: Ball 1-0: Ball 2-0: Called Strike 2-1: Foul Ball, location: 2F 2-2: SINGLE (Line Drive, 4MD, EV 106.9 MPH)
|
|
Batting: RHB Adam Suman
|
0-0: Ball Matt Winters steals 2nd base 1-0: Ground out 5-3 (Groundball, 56S, EV 91.3 MPH)
|
|
Batting: RHB Guy Sularz
|
0-0: Swinging Strike 0-1: Called Strike 0-2: Ball 1-2: Foul Ball, location: 2F 1-2: Foul Ball, location: 2F 1-2: Foul Ball, location: 2F 1-2: Fly out, F3 (Popup, 23F, EV 87.5 MPH)
|
|
Batting: RHB Alan Knicely
|
0-0: Called Strike 0-1: Swinging Strike 0-2: Ball 1-2: Ground out 4-3 (Groundball, 34, EV 106.3 MPH)
|
| Top of the 7th over - 0 runs, 1 hit, 0 errors, 1 left on base; Atlanta 1 - Los Angeles 0 |
| BOTTOM OF THE 7TH |
|
Los Angeles Dodgers batting - Pitching for Atlanta Braves : RHP Alan Knicely
|
|
Batting: RHB Jerry Keller
|
0-0: Called Strike 0-1: Ball 1-1: SOLO HOME RUN (Flyball, 9D, EV 95.0 MPH), Distance : 387 ft
|
|
Pitching: RHP Charlie Lea
|
|
|
Batting: RHB Dick Davis
|
0-0: Ball 1-0: Ground out 3-1 (Groundball, 34, EV 106.9 MPH)
|
|
Batting: RHB Barry Evans
|
0-0: Called Strike 0-1: Ball 1-1: Called Strike 1-2: Ball 2-2: Ball 3-2: SINGLE (Flyball, 56D, EV 96.9 MPH)
|
|
Batting: LHB Darren Daulton
|
0-0: Called Strike 0-1: Called Strike Barry Evans steals 2nd, throwing error, E2 Barry Evans to third 0-2: Foul Ball, location: 2F 0-2: Ball 1-2: Fly out, F7 (Flyball, 7, EV 91.9 MPH) Runner from 3rd tags up, SCORES, throw by LF
|
|
Batting: SHB Spike Owen
|
0-0: Fly out, F8 (Line Drive, 8RM, EV 88.1 MPH)
|
| Bottom of the 7th over - 2 runs, 2 hits, 1 error, 0 left on base; Atlanta 1 - Los Angeles 2 |
| TOP OF THE 8TH |
|
Atlanta Braves batting - Pitching for Los Angeles Dodgers : RHP Nick Williams
|
|
Batting: SHB UL Washington
|
0-0: Ball 1-0: Foul Ball, location: 2F 1-1: Ground out 4-3 (Groundball, 4MS, EV 68.8 MPH)
|
|
Batting: RHB Gil Flores
|
0-0: Swinging Strike 0-1: Ball 1-1: Foul Ball, location: 2F 1-2: Strikes out swinging
|
|
Batting: LHB Joe L Morgan
|
0-0: Swinging Strike 0-1: Swinging Strike 0-2: Ball 1-2: Foul Ball, location: 2F 1-2: Fly out, F9 (Line Drive, 9, EV 88.8 MPH)
|
| Top of the 8th over - 0 runs, 0 hits, 0 errors, 0 left on base; Atlanta 1 - Los Angeles 2 |
| BOTTOM OF THE 8TH |
|
Los Angeles Dodgers batting - Pitching for Atlanta Braves : RHP Charlie Lea
|
|
Batting: RHB Roberto Reyes
|
0-0: Swinging Strike 0-1: SINGLE (Line Drive, 8RS, EV 95.6 MPH)
|
|
Pinch Hitting: LHB Ronald Jackson
|
0-0: Ball 1-0: SINGLE (Line Drive, 8LS, EV 102.5 MPH) Roberto Reyes to second Runner from 2nd tries for 3rd, SAFE, no throw by CF
|
|
Batting: RHB Billy Sample
|
0-0: Ball 1-0: DOUBLE (Line Drive, 9LS, EV 101.9 MPH) Roberto Reyes scores Ronald Jackson to third Runner from 3rd tries for Home, SAFE, throw by RF to home
|
|
Batting: RHB Carney Lansford
|
0-0: Foul Ball, location: 2F 0-1: Ball 1-1: Ball 2-1: Sac Bunt to 15S - play at first, batter OUT! 1-4 Billy Sample to third
|
|
Batting: RHB Jerry Keller
|
0-0: Intentional Walk
|
|
Batting: RHB Dick Davis
|
0-0: Ball 1-0: Ball 2-0: Ball 3-0: Called Strike 3-1: Called Strike 3-2: Strikes out swinging
|
|
Batting: RHB Barry Evans
|
0-0: Ball 1-0: Foul Ball, location: 2F 1-1: Ball 2-1: Swinging Strike 2-2: SINGLE (Groundball, 5S, EV 71.3 MPH) (infield hit) Billy Sample scores Jerry Keller to second
|
|
Pitching: RHP Migel Puente
|
|
|
Batting: LHB Darren Daulton
|
0-0: DOUBLE (Flyball, 78D, EV 98.1 MPH) Jerry Keller scores Barry Evans to third Runner from 3rd tries for Home, throw by CF and OUT! 8-6-2
|
| Bottom of the 8th over - 4 runs, 5 hits, 0 errors, 1 left on base; Atlanta 1 - Los Angeles 6 |
| TOP OF THE 9TH |
|
Atlanta Braves batting - Pitching for Los Angeles Dodgers : RHP Nick Williams
|
|
Pitching: RHP Steve Foucault
|
|
|
Batting: LHB Bobby Murcer
|
0-0: Called Strike 0-1: Ball 1-1: Foul Ball, location: 2F 1-2: Foul Ball, location: 2F 1-2: Reaches on Catchers interference
|
|
Batting: RHB John Freitas
|
0-0: Ball 1-0: Fly out, F7 (Flyball, 7LM, EV 98.1 MPH)
|
|
Batting: LHB Matt Winters
|
0-0: Ball 1-0: Ball 2-0: Ball 3-0: Called Strike 3-1: Base on Balls Bobby Murcer to second
|
|
Batting: RHB Adam Suman
|
0-0: Ball 1-0: DOUBLE (Line Drive, 78D, EV 106.9 MPH) Bobby Murcer scores Matt Winters to third
|
|
Batting: RHB Guy Sularz
|
0-0: Swinging Strike 0-1: Foul Ball, location: 2F 0-2: Ball 1-2: Foul Ball, location: 2F 1-2: Ball 2-2: Ground out 5-3 (Groundball, 56S, EV 82.5 MPH) Matt Winters scores
|
|
Pinch Hitting: LHB Leon Durham
|
0-0: Ball 1-0: Fly out, F9 (Flyball, 9LS, EV 75.6 MPH)
|
| Top of the 9th over - 2 runs, 1 hit, 1 error, 1 left on base; Atlanta 3 - Los Angeles 6 |
|